AoeStats
← KootH.

African Clearing

506964076Analyzed
4v4 RM · 17d ago on Sep 16, 2026· 44m 36s· 8 players
Game mode
Random Map
Map size
Large (8 player)
Population
200
Speed
Normal
Resources
Standard
Victory
Conquest
Starting age
Dark Age
Ending age
Imperial Age
RankedLock teamsTeams togetherTeam positionsShared explorationLock speedFull tech treeHidden civsTurbo modeCheats
Victory
Defeat
🇨🇴 Mapuche · Colombia
1441
+13
🇺🇸 Spanish · United States
1422
+13
🇨🇴 Persians · Colombia
1377
+15
🇲🇽 Mongols · Mexico
1370
+16
🇨🇳 Huns · China
1441
-17
1405
-16
🇧🇷 Koreans · Brazil
1310
-12
🇨🇳 Berbers · China
1305
-12
Feifred
6:40 Loom
13:52 Feudal Age
17:51 Castle Age
16:25 Double-Bit Axe
16:39 Horse Collar
17:50 Gold Mining
18:46 Bow Saw
31:49 Stone Mining
33:39 Fletching
33:41 Elite Skirmisher
37:01 Imperial Age
36:15 Wheelbarrow
36:19 Forging
36:15 Scale Barding Armor
37:00 Bloodlines
36:51 Husbandry
37:55 Iron Casting
37:25 Cavalier
38:27 Conscription
38:54 Chain Barding Armor
39:26 Thumb Ring
39:36 Paladin
41:53 Plate Barding Armor
43:11 Blast Furnace
44:26 Bodkin Arrow
45:07 Bracer
45:08 Padded Archer Armor
45:45 Stone Shaft Mining
Charro
11:03 Feudal Age
10:28 Loom
11:35 Double-Bit Axe
17:53 Gold Mining
21:44 Castle Age
20:58 Stone Mining
22:11 Wheelbarrow
22:04 Town Watch
23:12 Stone Shaft Mining
22:49 Bow Saw
29:04 Hand Cart
28:57 Fletching
32:57 Bodkin Arrow
33:16 Bloodlines
33:08 Husbandry
37:44 Imperial Age
36:00 Scale Mail Armor
36:11 Forging
35:24 Pikeman
36:42 Squires
37:28 Chain Mail Armor
37:40 Padded Archer Armor
38:11 Town Patrol
38:48 Gold Shaft Mining
39:11 Iron Casting
39:13 Scale Barding Armor
40:02 Plate Mail Armor
39:25 Capped Ram
40:16 Bracer
40:39 Ballistics
41:50 Blast Furnace
41:32 Chain Barding Armor
41:35 Conscription
42:23 Leather Archer Armor
43:13 Chemistry
43:27 Hoardings
43:01 Thumb Ring
43:24 Parthian Tactics
44:03 Drill
43:27 Siege Ram
44:26 Elite Mangudai
Viva Cristo
6:05 Loom
13:47 Feudal Age
15:35 Double-Bit Axe
17:52 Castle Age
17:16 Fletching
23:47 Padded Archer Armor
24:56 Bodkin Arrow
27:16 Bow Saw
28:20 Wheelbarrow
32:39 Ballistics
36:04 Horse Collar
36:16 Gold Mining
42:37 Heavy Plow
44:01 Town Watch
45:09 Hand Cart
45:40 Gold Shaft Mining
KootH.
3:49 Loom
11:28 Feudal Age
13:09 Double-Bit Axe
18:47 Horse Collar
20:06 Wheelbarrow
20:04 Forging
23:45 Castle Age
22:23 Scale Barding Armor
22:58 Bloodlines
24:17 Husbandry
24:46 Bow Saw
29:15 Iron Casting
36:47 Heavy Plow
38:27 Hand Cart
46:31 Imperial Age
MonkHater
12:52 Feudal Age
14:44 Loom
17:02 Castle Age
15:22 Double-Bit Axe
17:09 Loom
17:17 Town Watch
18:16 Bow Saw
19:09 Wheelbarrow
18:56 Horse Collar
22:32 Wheelbarrow
22:59 Gold Mining
26:35 Gold Shaft Mining
27:59 Hand Cart
30:49 Imperial Age
28:40 Stone Mining
29:40 Fletching
30:30 Bodkin Arrow
31:05 Padded Archer Armor
32:43 Ballistics
32:53 Thumb Ring
34:10 Bloodlines
34:00 Husbandry
36:03 Bracer
38:53 Heavy Plow
41:08 Leather Archer Armor
40:35 Heavy Cavalry Archer
42:25 Parthian Tactics
43:05 Chemistry
Caga Mole
8:53 Loom
13:17 Feudal Age
18:17 Castle Age
16:28 Double-Bit Axe
17:03 Town Watch
26:11 Ballistics
28:08 Fletching
34:10 Wheelbarrow
34:06 Bodkin Arrow
36:04 Husbandry
37:04 Hand Cart
38:16 Bow Saw
37:47 Horse Collar
40:48 Imperial Age
40:44 Gold Mining
40:45 Stone Mining
40:56 Heavy Plow
41:01 Elite War Wagon
43:04 Gold Shaft Mining
43:30 Two-Man Saw
43:14 Bracer
44:27 Chemistry
44:14 Eupseong
44:18 Arrowslits
double barrack mountain king
11:02 Loom
13:13 Feudal Age
19:05 Castle Age
17:11 Double-Bit Axe
17:13 Horse Collar
17:57 Forging
18:13 Gold Mining
19:47 Bloodlines
23:25 Iron Casting
23:28 Gold Shaft Mining
23:30 Husbandry
40:36 Fletching
825889483
12:38 Feudal Age
11:13 Loom
17:18 Castle Age
18:16 Town Watch
21:02 Wheelbarrow
35:26 Horse Collar
Connection lost

Rejoining the realm…

Still unreachable

The connection could not be restored.

Session expired

The server has moved on; the page needs a fresh start.